TOP OF THE 1ST |
Vancouver Canadians batting - Pitching for Chicago (NYP) White Sox : LHP Isaiah Oates
|
Pitching: LHP Isaiah Oates
|
|
Batting: RHB Brian Manson
|
0-0: Called Strike 0-1: Ball 1-1: Called Strike 1-2: Ball 2-2: Ball 3-2: Foul Ball, location: 2F 3-2: Ground out 5-3 (Groundball, 56, EV 88.1 MPH)
|
Batting: RHB Jordan Fairburn
|
0-0: Called Strike 0-1: Swinging Strike 0-2: Ball 1-2: Strikes out looking
|
Batting: RHB Taylor Peavey
|
0-0: Ball 1-0: SINGLE (Groundball, 4MD, EV 95.0 MPH)
|
Batting: RHB Josh Swartzentruber
|
0-0: Ball 1-0: Called Strike 1-1: Foul Ball, location: 2F 1-2: Ball 2-2: Foul Ball, location: 2F 2-2: Ball 3-2: Base on Balls Taylor Peavey to second
|
Batting: RHB Justin Geiger
|
0-0: Ball 1-0: Fly out, F9 (Flyball, 9, EV 98.1 MPH)
|
Top of the 1st over - 0 runs, 1 hit, 0 errors, 2 left on base; Vancouver 0 - Chicago (NYP) 0 |
BOTTOM OF THE 1ST |
Chicago (NYP) White Sox batting - Pitching for Vancouver Canadians : RHP John Oliver
|
Pitching: RHP John Oliver
|
|
Batting: RHB Jeremy Hoffert
|
0-0: Ball 1-0: Ball 2-0: Called Strike 2-1: Ball 3-1: Called Strike 3-2: Ground out 1-3 (Groundball, 15S, EV 67.5 MPH)
|
Batting: RHB Brad Boals
|
0-0: Swinging Strike 0-1: Ball 1-1: Ball 2-1: Foul Ball, location: 2F 2-2: Fly out, F6 (Flyball, 6D, EV 88.1 MPH)
|
Batting: RHB Dusty Ballard
|
0-0: Called Strike 0-1: Foul Ball, location: 2F 0-2: Ball 1-2: Strikes out swinging
|
Bottom of the 1st over - 0 runs, 0 hits, 0 errors, 0 left on base; Vancouver 0 - Chicago (NYP) 0 |
TOP OF THE 2ND |
Vancouver Canadians batting - Pitching for Chicago (NYP) White Sox : LHP Isaiah Oates
|
Batting: RHB Bryan Peterson
|
0-0: Ball 1-0: Called Strike 1-1: Ball 2-1: DOUBLE (Line Drive, 5D, EV 102.5 MPH)
|
Batting: RHB Andy Bridger
|
0-0: Ground out U3 (Groundball, 3L, EV 86.2 MPH) Bryan Peterson to third
|
Batting: RHB Justin Powell
|
0-0: Ball 1-0: Ground out 5-3 (Groundball, 5, EV 98.1 MPH)
|
Batting: LHB Adam Santarelli
|
0-0: Called Strike 0-1: Ball 1-1: Swinging Strike 1-2: DOUBLE (Line Drive, 9D, EV 94.4 MPH) Bryan Peterson scores
|
Batting: RHB Brian Manson
|
0-0: Called Strike 0-1: Foul Ball, location: 2F 0-2: Ball 1-2: Foul Ball, location: 2F 1-2: Strikes out swinging wild pitch, reaches first! Adam Santarelli to third
|
Batting: RHB Jordan Fairburn
|
0-0: Ball 1-0: Foul Ball, location: 2F 1-1: Fly out, F9 (Flyball, 89XD, EV 88.8 MPH)
|
Top of the 2nd over - 1 run, 2 hits, 0 errors, 2 left on base; Vancouver 1 - Chicago (NYP) 0 |
BOTTOM OF THE 2ND |
Chicago (NYP) White Sox batting - Pitching for Vancouver Canadians : RHP John Oliver
|
Batting: LHB Brandon Hopper
|
0-0: Ball 1-0: Ball 2-0: Called Strike 2-1: Swinging Strike 2-2: Strikes out swinging
|
Batting: LHB Jason Bell
|
0-0: Foul Ball, location: 2F 0-1: Ball 1-1: Foul Ball, location: 2F 1-2: Strikes out looking
|
Batting: RHB Mitch Cuadros
|
0-0: Called Strike 0-1: Ball 1-1: Called Strike 1-2: Ball 2-2: Ball 3-2: DOUBLE (Line Drive, 3D, EV 109.4 MPH)
|
Batting: LHB Wes Goscinski
|
0-0: Ball 1-0: Ball 2-0: Ball 3-0: Called Strike 3-1: Foul Ball, location: 2F 3-2: SINGLE (Line Drive, 6MD, EV 105.0 MPH) Mitch Cuadros to third
|
Batting: SHB Jason Bresnahan
|
0-0: Ball Wild Pitch! Mitch Cuadros scores Wes Goscinski to second 1-0: Called Strike 1-1: Swinging Strike 1-2: Ball 2-2: Ground out 4-3 (Groundball, 34, EV 83.1 MPH)
|
Bottom of the 2nd over - 1 run, 2 hits, 0 errors, 1 left on base; Vancouver 1 - Chicago (NYP) 1 |
TOP OF THE 3RD |
Vancouver Canadians batting - Pitching for Chicago (NYP) White Sox : LHP Isaiah Oates
|
Batting: RHB Taylor Peavey
|
0-0: SINGLE (Groundball, 5D, EV 94.4 MPH)
|
Batting: RHB Josh Swartzentruber
|
0-0: Ball 1-0: Ball 2-0: Foul Ball, location: 2F 2-1: Ball 3-1: Base on Balls Taylor Peavey to second
|
Batting: RHB Justin Geiger
|
0-0: Called Strike 0-1: Ball 1-1: Foul Ball, location: 2F 1-2: Ball 2-2: Strikes out swinging
|
Batting: RHB Bryan Peterson
|
0-0: Ball 1-0: Swinging Strike 1-1: Swinging Strike 1-2: Foul Ball, location: 2F 1-2: Fielders Choice at 2nd, 3-6 (Groundball, 34S, EV 90.6 MPH) Taylor Peavey to third
|
Batting: RHB Andy Bridger
|
0-0: Ball 1-0: Called Strike 1-1: Called Strike 1-2: Foul Ball, location: 2F 1-2: Foul Ball, location: 2F 1-2: Fielders Choice at 2nd, 5-4 (Groundball, 5L, EV 88.8 MPH)
|
Top of the 3rd over - 0 runs, 1 hit, 0 errors, 2 left on base; Vancouver 1 - Chicago (NYP) 1 |
BOTTOM OF THE 3RD |
Chicago (NYP) White Sox batting - Pitching for Vancouver Canadians : RHP John Oliver
|
Batting: RHB David Laureano
|
0-0: Ground out U3 (Groundball, 3, EV 82.5 MPH)
|
Batting: RHB Jeremy Hoffert
|
0-0: Ball 1-0: Foul Ball, location: 2F 1-1: Foul Ball, location: 2F 1-2: Foul Ball, location: 2F 1-2: Foul Ball, location: 2F 1-2: Strikes out swinging
|
Batting: RHB Brad Boals
|
0-0: Ball 1-0: Ground out 6-3 (Groundball, 6M, EV 107.5 MPH)
|
Bottom of the 3rd over - 0 runs, 0 hits, 0 errors, 0 left on base; Vancouver 1 - Chicago (NYP) 1 |
TOP OF THE 4TH |
Vancouver Canadians batting - Pitching for Chicago (NYP) White Sox : LHP Isaiah Oates
|
Batting: RHB Justin Powell
|
0-0: Called Strike 0-1: Ball 1-1: SINGLE (Groundball, 56, EV 98.8 MPH)
|
Batting: LHB Adam Santarelli
|
0-0: Called Strike Justin Powell steals 2nd base 0-1: Ball 1-1: Ball 2-1: SINGLE (Groundball, 6M, EV 89.4 MPH) (infield hit) Justin Powell to third
|
Batting: RHB Brian Manson
|
0-0: Ball 1-0: Called Strike 1-1: Ball 2-1: Grounds into double play, 6-4-3 (Groundball, 6, EV 97.5 MPH) Justin Powell scores
|
Batting: RHB Jordan Fairburn
|
0-0: Ball 1-0: Swinging Strike 1-1: Ground out 6-3 (Groundball, 6, EV 86.9 MPH)
|
Top of the 4th over - 1 run, 2 hits, 0 errors, 0 left on base; Vancouver 2 - Chicago (NYP) 1 |
BOTTOM OF THE 4TH |
Chicago (NYP) White Sox batting - Pitching for Vancouver Canadians : RHP John Oliver
|
Batting: RHB Dusty Ballard
|
0-0: Ball 1-0: Foul Ball, location: 2F 1-1: Foul Ball, location: 2F 1-2: Ball 2-2: Ball 3-2: Strikes out swinging
|
Batting: LHB Brandon Hopper
|
0-0: Ball 1-0: Fly out, F8 (Flyball, 8LM, EV 92.5 MPH)
|
Batting: LHB Jason Bell
|
0-0: Ground out 4-3 (Groundball, 4, EV 75.6 MPH)
|
Bottom of the 4th over - 0 runs, 0 hits, 0 errors, 0 left on base; Vancouver 2 - Chicago (NYP) 1 |
TOP OF THE 5TH |
Vancouver Canadians batting - Pitching for Chicago (NYP) White Sox : LHP Isaiah Oates
|
Batting: RHB Taylor Peavey
|
0-0: Ball 1-0: Ball 2-0: Swinging Strike 2-1: Ball 3-1: Base on Balls
|
Batting: RHB Josh Swartzentruber
|
0-0: Ball Wild Pitch! Taylor Peavey to second 1-0: Foul Ball, location: 2F 1-1: Ball 2-1: Swinging Strike 2-2: Ball 3-2: Foul Ball, location: 2F 3-2: SINGLE (Groundball, 4MD, EV 100.6 MPH) Taylor Peavey to third
|
Batting: RHB Justin Geiger
|
0-0: Called Strike Josh Swartzentruber steals 2nd base 0-1: Called Strike 0-2: Foul Ball, location: 2F 0-2: Ball 1-2: Ground out 1-3 (Groundball, 13S, EV 60.6 MPH)
|
Batting: RHB Bryan Peterson
|
0-0: Ball 1-0: Ball 2-0: Ball 3-0: Called Strike 3-1: Called Strike 3-2: Foul Ball, location: 2F 3-2: Fly out, F7 (Flyball, 7LD, EV 85.6 MPH) Runner from 3rd tags up, SCORES, throw by LF Josh Swartzentruber to third
|
Batting: RHB Andy Bridger
|
0-0: Foul Ball, location: 2F 0-1: Ball Wild Pitch! Josh Swartzentruber scores 1-1: Foul Ball, location: 2F 1-2: Strikes out swinging
|
Top of the 5th over - 2 runs, 1 hit, 0 errors, 0 left on base; Vancouver 4 - Chicago (NYP) 1 |
BOTTOM OF THE 5TH |
Chicago (NYP) White Sox batting - Pitching for Vancouver Canadians : RHP John Oliver
|
Batting: RHB Mitch Cuadros
|
0-0: Ball 1-0: Foul Ball, location: 2F 1-1: Swinging Strike 1-2: Ball 2-2: Ball 3-2: Strikes out swinging
|
Batting: LHB Wes Goscinski
|
0-0: Ground out 4-3 (Groundball, 34, EV 88.1 MPH)
|
Batting: SHB Jason Bresnahan
|
0-0: Foul Ball, location: 2F 0-1: Ground out 6-3 (Groundball, 6M, EV 104.4 MPH)
|
Bottom of the 5th over - 0 runs, 0 hits, 0 errors, 0 left on base; Vancouver 4 - Chicago (NYP) 1 |
TOP OF THE 6TH |
Vancouver Canadians batting - Pitching for Chicago (NYP) White Sox : LHP Isaiah Oates
|
Pitching: LHP Yusufu Mustafa
|
|
Batting: RHB Justin Powell
|
0-0: Fly out, F6 (Flyball, 56D, EV 88.8 MPH)
|
Batting: LHB Adam Santarelli
|
0-0: Ball 1-0: Ball 2-0: Ground out 4-3 (Groundball, 4, EV 106.9 MPH)
|
Batting: RHB Brian Manson
|
0-0: Foul Ball, location: 2F 0-1: Ball 1-1: Swinging Strike 1-2: Ball 2-2: Strikes out looking
|
Top of the 6th over - 0 runs, 0 hits, 0 errors, 0 left on base; Vancouver 4 - Chicago (NYP) 1 |
BOTTOM OF THE 6TH |
Chicago (NYP) White Sox batting - Pitching for Vancouver Canadians : RHP John Oliver
|
Batting: RHB David Laureano
|
0-0: Ball 1-0: Ball 2-0: Called Strike 2-1: Swinging Strike 2-2: Foul Ball, location: 2F 2-2: Strikes out swinging
|
Batting: RHB Jeremy Hoffert
|
0-0: Ball 1-0: Called Strike 1-1: Fly out, F5 (Line Drive, 5, EV 66.2 MPH)
|
Batting: RHB Brad Boals
|
0-0: Fly out, F7 (Flyball, 78M, EV 93.8 MPH)
|
Bottom of the 6th over - 0 runs, 0 hits, 0 errors, 0 left on base; Vancouver 4 - Chicago (NYP) 1 |
TOP OF THE 7TH |
Vancouver Canadians batting - Pitching for Chicago (NYP) White Sox : LHP Yusufu Mustafa
|
Batting: RHB Jordan Fairburn
|
0-0: Called Strike 0-1: Swinging Strike 0-2: Ball 1-2: Ball 2-2: Strikes out looking
|
Batting: RHB Taylor Peavey
|
0-0: Fly out, F7 (Flyball, 78D, EV 100.0 MPH)
|
Batting: RHB Josh Swartzentruber
|
0-0: Ball 1-0: Called Strike 1-1: Fly out, F4 (Popup, 23, EV 91.2 MPH)
|
Top of the 7th over - 0 runs, 0 hits, 0 errors, 0 left on base; Vancouver 4 - Chicago (NYP) 1 |
BOTTOM OF THE 7TH |
Chicago (NYP) White Sox batting - Pitching for Vancouver Canadians : RHP John Oliver
|
Now at 2B: Dylan Phillips
|
|
Batting: RHB Dusty Ballard
|
0-0: Ball 1-0: Ball 2-0: Ball 3-0: Base on Balls
|
Batting: LHB Brandon Hopper
|
0-0: Ball Dusty Ballard steals 2nd base (no throw) 1-0: Ball 2-0: Swinging Strike 2-1: SINGLE (Line Drive, 34, EV 98.8 MPH) Dusty Ballard to third
|
Batting: LHB Jason Bell
|
0-0: Ball 1-0: Fielders Choice at 2nd, 6-4 (Groundball, 6MS, EV 86.2 MPH) Dusty Ballard scores
|
Batting: RHB Mitch Cuadros
|
0-0: Ball 1-0: Ball 2-0: Swinging Strike 2-1: SINGLE (Line Drive, 8LS, EV 105.6 MPH) Jason Bell to second
|
Pitching: LHP John Joaquin
|
|
Pinch Hitting: RHB Pat Pemberton
|
0-0: Foul Ball, location: 2F 0-1: Ball 1-1: Called Strike 1-2: Foul Ball, location: 2F 1-2: Grounds into double play, 6-4-3 (Groundball, 6, EV 105.0 MPH)
|
Bottom of the 7th over - 1 run, 2 hits, 0 errors, 1 left on base; Vancouver 4 - Chicago (NYP) 2 |
TOP OF THE 8TH |
Vancouver Canadians batting - Pitching for Chicago (NYP) White Sox : LHP Yusufu Mustafa
|
Pitching: RHP Alex Garibay
|
|
Now at 1B: Daniel Underhay
|
|
Batting: RHB Justin Geiger
|
0-0: Ball 1-0: Swinging Strike 1-1: Ball 2-1: Ground out 3-1 (Groundball, 34S, EV 81.2 MPH)
|
Batting: RHB Bryan Peterson
|
0-0: Ball 1-0: Ball 2-0: DOUBLE (Groundball, 5L, EV 104.4 MPH)
|
Batting: RHB Andy Bridger
|
0-0: Ball 1-0: Ball 2-0: Ball 3-0: Base on Balls
|
Batting: RHB Justin Powell
|
0-0: Swinging Strike 0-1: Ball 1-1: Foul Ball, location: 2F 1-2: Ball 2-2: Ball 3-2: Strikes out looking
|
Batting: LHB Adam Santarelli
|
0-0: Ball 1-0: Swinging Strike 1-1: Fielders Choice at 2nd, 6-4 (Groundball, 6, EV 93.1 MPH)
|
Top of the 8th over - 0 runs, 1 hit, 0 errors, 2 left on base; Vancouver 4 - Chicago (NYP) 2 |
BOTTOM OF THE 8TH |
Chicago (NYP) White Sox batting - Pitching for Vancouver Canadians : LHP John Joaquin
|
Pitching: RHP Jean-Michel Hamon
|
|
Now at 1B: Kyle Scruggs
|
|
Batting: SHB Jason Bresnahan
|
0-0: Ball 1-0: Ball 2-0: DOUBLE (Flyball, 7LD, EV 100.6 MPH)
|
Pinch Hitting: LHB Ray Walden
|
0-0: Called Strike 0-1: Called Strike 0-2: Ball 1-2: Ball 2-2: Foul Ball, location: 2F 2-2: Ball 3-2: Strikes out looking
|
Batting: RHB Jeremy Hoffert
|
0-0: Called Strike 0-1: Swinging Strike 0-2: Ball 1-2: Ground out U3 (Groundball, 34S, EV 91.2 MPH) Jason Bresnahan to third
|
Batting: RHB Brad Boals
|
0-0: Called Strike 0-1: Swinging Strike 0-2: Ball 1-2: Ball 2-2: Foul Ball, location: 2F 2-2: Strikes out swinging
|
Bottom of the 8th over - 0 runs, 1 hit, 0 errors, 1 left on base; Vancouver 4 - Chicago (NYP) 2 |
TOP OF THE 9TH |
Vancouver Canadians batting - Pitching for Chicago (NYP) White Sox : RHP Alex Garibay
|
Pitching: RHP Mike Cartwright
|
|
Now at 2B: Mike Zern
|
|
Now at 3B: Dusty Ballard
|
|
Now at SS: Jason Bresnahan
|
|
Batting: RHB Brian Manson
|
0-0: Ball 1-0: Fly out, F9 (Flyball, 9LS, EV 78.1 MPH)
|
Batting: RHB Dylan Phillips
|
0-0: Called Strike 0-1: Foul Ball, location: 2F 0-2: Ball 1-2: Foul Ball, location: 2F 1-2: Strikes out looking
|
Batting: RHB Taylor Peavey
|
0-0: Ball 1-0: Ball 2-0: Foul Ball, location: 2F 2-1: Ball 3-1: Called Strike 3-2: Base on Balls
|
Batting: RHB Josh Swartzentruber
|
0-0: Called Strike 0-1: Ball 1-1: Ball 2-1: Called Strike 2-2: Foul Ball, location: 2F 2-2: Strikes out swinging
|
Top of the 9th over - 0 runs, 0 hits, 0 errors, 1 left on base; Vancouver 4 - Chicago (NYP) 2 |
BOTTOM OF THE 9TH |
Chicago (NYP) White Sox batting - Pitching for Vancouver Canadians : RHP Jean-Michel Hamon
|
Pitching: LHP Justin Dine
|
|
Batting: RHB Dusty Ballard
|
0-0: Swinging Strike 0-1: TRIPLE (Line Drive, 78XD, EV 98.8 MPH)
|
Pinch Hitting: RHB Justin Usner
|
0-0: Ball 1-0: Ball 2-0: Called Strike 2-1: Ball 3-1: DOUBLE (Flyball, 78XD, EV 108.8 MPH) Dusty Ballard scores
|
Pinch Hitting: RHB Jake Feinstein
|
0-0: Called Strike 0-1: Foul Ball, location: 2F 0-2: Ball 1-2: Ball 2-2: Strikes out swinging
|
Batting: RHB Mitch Cuadros
|
0-0: Swinging Strike 0-1: Ball 1-1: Called Strike 1-2: Strikes out swinging
|
Batting: RHB Daniel Underhay
|
0-0: Called Strike 0-1: Ground out 5-3 (Groundball, 5L, EV 80.0 MPH)
|
Bottom of the 9th over - 1 run, 2 hits, 0 errors, 1 left on base; Vancouver 4 - Chicago (NYP) 3 |
|